Map: Acropolis LE

Players

goblin - Winner!

  • Race: Protoss Protoss
  • Spawn Location: 5:00

Bleak

  • Race: Terran Terran
  • Spawn Location: 11:00

Event: 2019 WCS Summer

VOD

Have the link to the VOD?

Description

Time

  • Played on: July 12, 2019, 6:25 a.m.
  • Length: 11:55

All games in this series

Show
View Real Time Build Order
Export as new Build Order

goblin Protoss - Winner!

Build Orders: 1 Gate Expand, Phoenix Opening, Mass Phoenix 

Get SALT Encoding   

  12  0:00  Probe  
  13  0:13  Probe  
  14  0:18  Pylon  
  14  0:24  Probe  
  15  0:32  Probe  
  15  0:36  Gateway  
  15  0:40  Probe  
  16  0:46  Assimilator  
  17  0:51  Probe  
  18  1:03  Probe  
  19  1:19  Nexus  
  19  1:22  Probe  
  20  1:33  Cybernetics Core  
  20  1:36  Probe  
  21  1:43  Assimilator  
  21  1:48  Probe  
  21  1:52  Pylon  
  21  1:59  Probe  
  21  2:00  Adept  
  22  2:08  Probe  
  25  2:16  Probe  
  25  2:17  Stargate  
  26  2:26  Warp Gate  
  26  2:27  Probe  
  27  2:32  Adept  
  27  2:34  Probe  
  29  2:40  Probe  
  29  2:42  Probe  
  32  2:51  Probe  
  32  2:52  Probe  
  32  2:57  Phoenix  
  34  3:02  Adept  
  34  3:03  Probe  
  34  3:04  Probe  
  40  3:10  Pylon  
  40  3:15  Phoenix  
  40  3:16  Probe x2  
  44  3:28  Probe  
  44  3:29  Probe  
  44  3:30  Assimilator  
  44  3:32  Assimilator  
  46  3:36  Robotics Facility  
  47  3:41  Probe x2  
  47  3:43  Pylon  
  47  3:46  Phoenix  
  48  3:54  Probe  
  48  3:55  Probe  
  52  4:03  Shield Battery, Phoenix  
  52  4:05  Shield Battery  
  52  4:08  Probe x2  
  51  4:20  Probe  
  46  4:25  Observer, Probe  
  46  4:28  Phoenix  
  46  4:33  Probe x2  
  48  4:42  Probe x2  
  48  4:49  Observer  
  48  4:50  Probe  
  51  4:53  Probe  
  51  4:54  Phoenix  
  55  5:00  Probe  
  55  5:05  Probe  
  55  5:06  Pylon  
  57  5:12  Probe  
  58  5:16  Probe  
  58  5:19  Phoenix  
  61  5:22  Observer  
  61  5:24  Probe x2  
  61  5:25  Robotics Bay  
  62  5:32  Probe  
  63  5:36  Probe, Pylon  
  65  5:43  Probe  
  65  5:46  Phoenix  
  65  5:48  Probe  
  69  5:51  Immortal  
  69  5:55  Probe  
  70  6:00  Probe  
  73  6:07  Probe  
  74  6:14  Phoenix  
  77  6:19  Pylon  
  77  6:20  Extended Thermal Lance, Pylon  
  77  6:22  Colossus  
  76  6:28  Sentry  
  76  6:30  Pylon  
  84  6:41  Phoenix  
  86  6:53  Gateway x2  
  86  7:04  Colossus  
  86  7:06  Sentry, Nexus  
  88  7:16  Probe  
  88  7:17  Probe  
  96  7:24  Pylon  
  96  7:32  Gateway x2  
  96  7:35  Gateway  
  96  7:36  Phoenix  
  98  7:45  Colossus  
  98  7:53  Zealot  
  98  7:54  Zealot x2  
  106  8:09  Pylon  
  106  8:10  Phoenix, Pylon  
  108  8:14  Adept  
  108  8:18  Adept x2  
  108  8:19  Pylon  
  114  8:22  Shield Battery  
  114  8:24  Shield Battery  
  114  8:26  Colossus  
  114  8:33  Adept x3  
  120  8:35  Shield Battery, Phoenix  
  120  8:40  Observer  
  122  8:48  Observer  
  128  8:55  Adept  
  128  8:56  Adept x3  
  128  8:58  Phoenix, Pylon  
  138  9:12  Adept x2  
  138  9:14  Observer  
  142  9:21  Phoenix  
  144  9:24  Observer  
  144  9:25  Adept x2  
  144  9:26  Adept x2  
  152  9:40  Colossus  
  150  9:50  Phoenix  
  142  9:54  Probe  
  142  9:55  Probe x2  
  142  9:57  Forge x2  
  145  10:02  Assimilator  
  145  10:04  Assimilator  
  145  10:06  Probe  
  145  10:07  Probe  
  147  10:10  Pylon  
  147  10:11  Gravitic Drive  
  147  10:20  Phoenix  
  147  10:33  Observer  
  145  10:37  Stalker x3  
  146  10:46  Stalker  
  145  11:09  Probe  
  145  11:10  Probe  
  147  11:14  Twilight Council  
  151  11:26  Probe x2  
  153  11:36  Pylon  
  139  11:48  Adept x2  
  139  11:49  Zealot x4  
Show
View Real Time Build Order
Export as new Build Order

Bleak Terran 

Build Orders: Gas First Reaper Expand, Liberator Opening 

Get SALT Encoding   

  12  0:01  SCV  
  13  0:13  SCV  
  14  0:17  Supply Depot  
  14  0:25  SCV  
  15  0:30  Refinery  
  15  0:39  SCV  
  16  0:45  Barracks  
  16  0:51  SCV  
  17  1:03  SCV  
  18  1:15  SCV  
  19  1:32  Orbital Command, Reaper  
  20  1:51  Command Center  
  20  1:59  Factory  
  20  2:08  Barracks Reactor  
  20  2:11  SCV  
  20  2:13  Refinery  
  21  2:21  Supply Depot  
  21  2:23  SCV  
  22  2:35  SCV  
  23  2:43  Starport  
  22  2:47  SCV  
  25  2:51  Hellion x2  
  25  2:54  Barracks Tech Lab  
  28  3:06  Orbital Command  
  27  3:16  Hellion  
  27  3:17  Hellion  
  31  3:21  Medivac  
  31  3:24  SCV  
  34  3:32  SCV  
  35  3:36  SCV  
  36  3:41  Liberator  
  36  3:44  Marine x2  
  36  3:45  Supply Depot  
  36  3:46  Siege Tank  
  41  3:49  SCV  
  41  3:52  SCV  
  46  4:06  Marine x2  
  46  4:08  SCV  
  46  4:09  Bunker  
  49  4:10  SCV  
  50  4:20  SCV  
  51  4:26  Marine x2  
  51  4:27  Siege Tank  
  53  4:31  SCV  
  53  4:38  Engineering Bay, SCV  
  50  4:43  SCV  
  49  4:46  Marine x2  
  49  4:50  SCV  
  49  4:51  Supply Depot  
  52  4:55  SCV  
  53  5:02  Barracks, SCV  
  53  5:04  Marine x2  
  53  5:07  SCV  
  53  5:08  Terran Infantry Weapons Level 1  
  52  5:14  SCV  
  52  5:15  Missile Turret  
  52  5:19  SCV  
  52  5:21  Barracks  
  54  5:22  Marine x2  
  54  5:24  Missile Turret  
  54  5:27  SCV  
  57  5:29  Supply Depot  
  57  5:31  SCV  
  57  5:32  Siege Tank  
  61  5:36  Refinery  
  61  5:39  SCV  
  62  5:51  Marine x2, SCV x2  
  65  6:02  Barracks Tech Lab  
  65  6:03  SCV x2  
  61  6:05  Starport Reactor  
  61  6:08  Marine  
  61  6:10  Marine  
  63  6:15  Siege Tank, SCV x2  
  63  6:17  Barracks Tech Lab  
  67  6:23  Supply Depot  
  67  6:25  Stimpack  
  67  6:26  Marine  
  67  6:27  Marine x2, SCV x2  
  71  6:37  Marine  
  71  6:39  SCV x2  
  74  6:42  Refinery, Medivac x2  
  74  6:43  Supply Depot  
  74  6:45  Marine x3  
  81  6:51  SCV  
  81  6:52  Combat Shield  
  81  6:55  Marine  
  82  7:02  Marine  
  82  7:03  Marine x2  
  82  7:04  Barracks, Terran Infantry Armor Level 1  
  82  7:05  Barracks, Supply Depot x2  
  85  7:13  Marine  
  83  7:22  Marine, Medivac x2  
  84  7:23  Marine x2  
  87  7:31  Marine  
  87  7:33  Missile Turret  
  87  7:34  Widow Mine  
  90  7:40  Marine x3  
  91  7:46  Supply Depot  
  91  7:55  Siege Tank  
  91  7:59  Barracks Tech Lab  
  91  8:00  Marine, Barracks Reactor  
  94  8:05  Medivac x2  
  94  8:06  Marine  
  101  8:14  Marine  
  101  8:16  Marine  
  101  8:18  Marine x2  
  101  8:24  Marine  
  102  8:27  Siege Tank  
  102  8:32  Marine  
  106  8:34  Marine  
  106  8:36  Marine x2  
  106  8:40  Marine x2  
  108  8:41  Marine  
  108  8:42  Concussive Shells  
  109  8:50  Marine  
  109  8:52  Marine  
  109  8:53  Marine  
  109  8:54  Marine  
  106  8:57  Marine  
  106  8:58  Marine  
  106  8:59  Marine, Liberator x2  
  109  9:07  Marine  
  110  9:10  Marine  
  110  9:11  Marine  
  110  9:12  Marine  
  110  9:15  Marine x2  
  121  9:17  Marine  
  122  9:26  Marauder  
  122  9:27  Siege Tank  
  122  9:28  Marine  
  122  9:29  Marine  
  122  9:30  Marauder  
  131  9:33  Marine x2  
  131  9:35  Marine  
  133  9:47  Marauder x2, Marine  
  133  9:51  Marauder, Marine  
  105  9:56  Marine x2  
  92  10:05  Marine  
  88  10:09  Marine, Marauder x2  
  88  10:13  Marauder  
  92  10:17  Marine x2  
  86  10:23  Marine, Command Center, Medivac  
  89  10:30  Marauder x2  
  89  10:31  Marine, Medivac  
  89  10:34  Marine  
  97  10:44  Marine x3  
  97  10:51  Marauder x2  
  97  10:54  Marine x2  
  105  11:02  Medivac  
  105  11:03  Marine x2, Medivac  
  106  11:04  Marine  
  107  11:12  Marine x3  
  107  11:13  Marauder  
  112  11:20  SCV x2  
  112  11:21  Marine x2  
  112  11:22  Marine  
  120  11:37  Marine x4  
Tags
 
Add a new tag
Caveats
  • Supply blocks, unpowered buildings, or Contaminate may cause inaccurate times.
  • Supply counts are checked every 10 seconds.